 Dungeon Crawl Stone Soup version 0.27-a0-1273-gec92ba881d (webtiles) character file.

Game seed: 2214102804475195903

168 ZappyNine the Grasshopper (level 5, 0/41 HPs)
             Began as a Human Warper on June 11, 2021.
             Slain by an adder (2 damage)
             ... on level 3 of the Dungeon.
             The game lasted 00:02:53 (2713 turns).

ZappyNine the Grasshopper (Human Warper)            Turns: 2713, Time: 00:02:54

Health: 0/41       AC:  3    Str: 11    XL:     5   Next: 78%
Magic:  9/9        EV: 12    Int: 14    God:
Gold:   135        SH:  0    Dex: 13    Spells: 5/10 levels left

rFire    . . .     SeeInvis .   m - +2 mace (vorpal)
rCold    . . .     Faith    .   (no shield)
rNeg     . . .     Spirit   .   b - +0 leather armour
rPois    .         Reflect  .   (no helmet)
rElec    .         Harm     .   (no cloak)
rCorr    .         Rampage  .   (no gloves)
Will     .....                  (no boots)
Stlth    +.........             (no amulet)
HPRegen  0.13/turn              (no ring)
MPRegen  0.11/turn              (no ring)

@: lethally poisoned (0 -> -4)
A: no striking features
a: no special abilities


You were on level 3 of the Dungeon.
You visited 1 branch of the dungeon, and saw 4 of its levels.

You collected 135 gold pieces.

Inventory:

Hand Weapons
 a - a +0 spear
 m - a +2 vorpal mace (weapon)
Missiles
 e - 5 boomerangs of dispersal (quivered)
Armour
 b - a +0 leather armour (worn)
Scrolls
 c - a scroll of summoning {unknown}
 d - a scroll of blinking
 f - 2 scrolls of fear {unknown}
 g - 2 scrolls of amnesia {unknown}
 h - a scroll of teleportation {unknown}
 j - 2 scrolls of enchant armour {unknown}
 k - a scroll of noise {unknown}
 l - a scroll of identify {unknown}
 n - 2 scrolls of magic mapping {unknown}
 o - a scroll of silence {unknown}
 r - a scroll of torment {unknown}
 s - a scroll of brand weapon {unknown}
Potions
 i - a potion of berserk rage {unknown}
 p - a potion of degeneration {unknown}
 q - a potion of ambrosia {unknown}


   Skills:
 + Level 3.4 Fighting
 - Level 2.2 Polearms
 - Level 1.0 Throwing
 - Level 1.0 Armour
 + Level 3.2 Dodging
 + Level 3.1 Spellcasting
 - Level 3.4 Translocations


You had 5 spell levels left.
You knew the following spells:

 Your Spells              Type           Power      Damage    Failure   Level
a - Gell's Gravitas       Tloc           5%         N/A       21%         3
b - Blink                 Tloc           N/A        N/A       11%         2

Your spell library contained the following spells:

 Spells                   Type           Power      Damage    Failure   Level
 Lesser Beckoning         Tloc           5%         N/A       21%         3
 Teleport Other           Tloc           11%        N/A       21%         3
 Sandblast                Erth           4%         2d4       28%         1
 Passwall                 Tmut/Erth      1%         N/A       38%         2
 Stone Arrow              Conj/Erth      4%         3d7       63%         3
 Manifold Assault         Tloc           11%        N/A       88%         5
 Petrify                  Tmut/Erth      2%         N/A       95%         4
 Lee's Rapid Deconstruct  Erth           1%         3d5*      100%        5


Dungeon Overview and Level Annotations

Branches:
Dungeon (4/15)
 Temple: D:4-7

Altars:

Shops:
D:3 ?


Message History

You closely miss the adder.
The adder is moderately wounded.
The adder bites you.
* * * LOW HITPOINT WARNING * * *
The adder bites you but does no damage.
Unknown command.
You closely miss the adder.
The adder is moderately wounded.
The adder barely misses you.
You barely miss the adder.
The adder is moderately wounded.
The adder bites you but does no damage. The adder closely misses you.
Unknown command.
Unknown command.
You closely miss the adder.
The adder is moderately wounded.
The adder closely misses you. The adder bites you but does no damage.
Unknown command.
Unknown command.
You barely miss the adder.
The adder is moderately wounded.
The adder bites you.
* * * LOW HITPOINT WARNING * * *
You are poisoned.
The adder poisons you! The adder bites you.
* * * LOW HITPOINT WARNING * * *
You are lethally poisoned!
The adder poisons you!
You closely miss the adder.
The adder is moderately wounded.
* * * LOW HITPOINT WARNING * * *
You feel very sick. The adder bites you but does no damage.
The adder completely misses you.
Unknown command.
You hit the adder.
The adder is severely wounded.
* * * LOW HITPOINT WARNING * * *
You feel very sick. The adder bites you.
You die... ....#.# #..# #..#########..#####. ....#.# ##.# #................... ....#.# ..##.#####...⌠....####. ####### ).#### #......#.####. ..# ##.._.⌠#......
PP♣

#####...........#)
P♣♣
#.....⌠.⌠.......#)
♣♣
#.########......#.
#@#.. #......#.
#S#.#### ######.#.
#J#....# # #.#.
#......#.### #.#.
#........... #.#.
#........... #.#.
##.......... #.#.
#.......... #.#.
#.......... #.#.


You could see an adder and an endoplasm.

Vanquished Creatures
  A black bear (D:4)
  2 adders
  3 gnolls (D:2)
  A worm (D:2)
  An orc (D:4)
  A giant cockroach (D:1)
  3 goblins
  3 hobgoblins (D:2)
  6 jackals
  2 kobolds
  2 ball pythons (D:1)
  4 bats
  5 frilled lizards
  2 rats (D:2)
36 creatures vanquished.

Notes
Turn   | Place    | Note
-------+----------+-------------------------------------------
     0 | D:1      | ZappyNine the Human Warper began the quest for the Orb.
     0 | D:1      | Reached XP level 1. HP: 16/16 MP: 3/3
   399 | D:1      | Reached XP level 2. HP: 22/22 MP: 5/5
  1380 | D:2      | Reached XP level 3. HP: 28/28 MP: 6/6
  1760 | D:2      | Reached XP level 4. HP: 23/34 MP: 7/7
  1901 | D:2      | Learned a level 3 spell: Gell's Gravitas
  1904 | D:2      | Learned a level 2 spell: Blink
  2239 | D:3      | Found Qioc's Magic Scroll Shoppe.
  2253 | D:3      | You fall into a shaft and drop 1 floor!
  2395 | D:4      | Noticed a black bear
  2400 | D:4      | Killed a black bear
  2401 | D:4      | Reached XP level 5. HP: 25/41 MP: 7/9
  2606 | D:3      | Found a faded altar of an unknown god.
  2713 | D:3      | HP: 2/41 [poisoned by an adder]
  2713 | D:3      | Slain by an adder

Illustrated notes

Levels and vault maps discovered:
D:1:      dpeg_arrival_boxes_within_box, layout_basic,
          chequers_serial_rivers_large_a, grunt_decor_mini_mirrors,
          minmay_misc_feat_iff, minmay_nonomino_d4
D:2:      layout_loops_cross
D:3:      layout_basic, hellmonk_ecumenical_altar_run_dry, serial_shops, shop,
          grunt_decor_arrowhead, chequers_serial_rivers_micro_c,
          uniq_crazy_yiuf_cottage
D:4:      layout_loops_corners, hangedman_decor_diamond_cutter, hex_large

Skill      XL: |  1  2  3  4 |
---------------+-------------+-----
Fighting       | 3 |  3.4
Dodging        | 3 |  3.2
Spellcasting   | 3 |  3.1
Polearms       | |  2.2
Throwing       | |  1.0
Armour         | |  1.0
Translocations | |  3.4

Action                   |  1- 3 |  4- 6 || total
-------------------------+-------+-------++-------
Melee: Spear             |    87 |       ||    87
       Mace              |    35 |    46 ||    81
 Stab: Sleeping          |     1 |       ||     1
Armor: Leather armour    |    36 |    19 ||    55
Dodge: Dodged            |   105 |    34 ||   139

Table legend: (Time is in decaauts)
 A = Elapsed time spent in this place.
 B = Non-inter-level travel time spent in this place.
 C = Inter-level travel time spent in this place.
 D = Time resting spent in this place.
 E = Time spent auto-exploring this place.
 F = Levels seen in this place.
 G = Mean time per level.
                   A        B        C        D        E       F      G
               +--------+--------+--------+--------+--------+-----+--------+
         Total |   2762 |   2637 |    125 |    497 |   1724 |   4 |  690.5 |
       Dungeon |   2762 |   2637 |    125 |    497 |   1724 |   4 |  690.5 |
               +--------+--------+--------+--------+--------+-----+--------+

Top non-repeatable levels by time:
     D:2: 1159 daAuts
     D:1: 1103 daAuts
     D:4: 285 daAuts
     D:3: 213 daAuts
